 Dungeon Sprint DCSS version 0.28-a0-1190-g77e1c55843 (webtiles) character file.

Game seed: 12737281471739949403

26066 rocky1 the Pyromancer (level 12, -5/70 HPs)
             Began as a Deep Elf Earth Elementalist on Dec 19, 2021.
             Was a High Priest of Sif Muna.
             Slain by a deep elf blademaster (17 damage)
             ... in the Dungeon (Sprint VII: "The Pits").
             The game lasted 00:35:24 (4819 turns).

rocky1 the Pyromancer (Deep Elf Earth Elementalist) Turns: 4819, Time: 00:35:25

Health: -5/70      AC: 10    Str:  8    XL:     12   Next: 95%
Magic:  7/34       EV: 17    Int: 26    God:    Sif Muna [*****.]
Gold:   6          SH:  0    Dex: 18    Spells: 10/44 levels left

rFire   + + .      SeeInvis .   r - +4 quarterstaff of the Purse {vorpal, rPois rF+}
rCold   . . .      Faith    .   (shield currently unavailable)
rNeg    . . .      Spirit   .   m - +0 troll leather armour
rPois   +          Reflect  .   C - +1 hat {Will+}
rElec   .          Harm     .   (no cloak)
rCorr   .          Rampage  .   (no gloves)
Will    ++...      NoTele   +   q - +0 pair of boots
Stlth   ++........              D - amulet "Dower" {Fly Regen+ Str+3 Dex+3}
HPRegen 1.81/turn               v - ring of protection from fire
MPRegen 0.24/turn               o - +3 ring of protection

@: flying, very slightly contaminated
A: no striking features
a: Renounce Religion, Channel Magic, Forget Spell, Divine Exegesis


You were in the Dungeon.
You worshipped Sif Muna.
Sif Muna was extremely pleased with you.
You visited 1 branch You collected 6 gold pieces.

Inventory:

Hand Weapons
 l - a +4 scimitar of flaming
 r - the +4 quarterstaff of the Purse (weapon) {vorpal, rPois rF+}
   (You found it in the Dungeon)

   It inflicts extra damage upon your enemies.
   rF:        It protects you from fire.
   rPois:     It protects you from poison.
Missiles
 i - 12 stones
 F - 4 curare-tipped darts
Armour
 m - a +0 troll leather armour (worn)
 q - a +0 pair of boots (worn)
 C - a +1 hat of willpower (worn)
 G - a +0 buckler
Jewellery
 b - an amulet of reflection
 n - a +3 ring of dexterity
 o - a +3 ring of protection (right hand)
 s - a ring of see invisible
 v - a ring of protection from fire (left hand)
 D - the amulet "Dower" (around neck) {Fly Regen+ Str+3 Dex+3}
   (You found it in the Dungeon)

   [amulet of regeneration]

   Str:       It affects your strength (+3).
   Dex:       It affects your dexterity (+3).
   Fly:       It grants you flight.
   Regen:     It increases your rate of health regeneration.
 E - a +6 ring of strength
Wands
 h - a wand of iceblast (11)
Scrolls
 j - 5 scrolls of amnesia
 t - a scroll of holy word
 u - 2 scrolls of identify
 w - a scroll of fog
 y - 8 scrolls of enchant weapon
 z - a scroll of blinking
Potions
 a - 2 potions of invisibility
 c - 11 potions of curing
 d - 5 potions of heal wounds
 e - 3 potions of haste
 f - 2 potions of magic
 g - 6 potions of berserk rage
 p - 3 potions of mutation
 x - 2 potions of resistance
 A - a potion of brilliance


   Skills:
 - Level 6.0 Fighting
 - Level 6.0 Armour
 - Level 10.0 Dodging
 - Level 2.4 Stealth
 - Level 16.5 Spellcasting
 - Level 13.7 Conjurations
 - Level 8.0 Transmutations
 + Level 21.2 Fire Magic
 - Level 15.0 Earth Magic
 - Level 12.0 Invocations


You had 10 spell levels left.
You knew the following spells:

 Your Spells              Type           Power      Damage    Failure   Level
a - Sandblast             Erth           100%       2d20      0%          1
b - Stone Arrow           Conj/Erth      100%       3d13      1%          3
c - Petrify               Tmut/Erth      69%        N/A       1%          4
d - Iron Shot             Conj/Erth      38%        9d8       1%          6
e - Starburst             Conj/Fire      42%        6d12      1%          6
f - Ignition              Fire           46%        3d13      3%          8
g - Statue Form           Tmut/Erth      46%        N/A       4%          6

Your spell library contained the following spells:

 Spells                   Type           Power      Damage    Failure   Level
 Foxfire                  Conj/Fire      100%       2x1d9     0%          1
 Scorch                   Fire           100%       2d10      0%          2
 Searing Ray              Conj           100%       2d8       0%          2
 Conjure Flame            Conj/Fire      85%        6-21      0%          3
 Shock                    Conj/Air       100%       1d9       1%          1
 Passwall                 Tmut/Erth      57%        N/A       1%          2
 Static Discharge         Conj/Air       55%        N/A       1%          2
 Wereblood                Tmut           58%        N/A       1%          2
 Dazzling Flash           Conj/Hex       100%       N/A       1%          3
 Ignite Poison            Fire/Tmut/Pois 64%        N/A       1%          3
 Spider Form              Tmut/Pois      42%        N/A       1%          3
 Animate Armour           Summ/Erth      100%       N/A       1%          4
 Flame Wave               Conj/Fire      85%        2d12      1%          4
 Hailstorm                Conj/Ice       55%        3d12      1%          4
 Iskenderun's Mystic Bla  Conj/Tloc      55%        2d12      1%          4
 Sticky Flame             Conj/Fire      85%        2d10      1%          4
 Fireball                 Conj/Fire      42%        3d17      1%          5
 Irradiate                Conj/Tmut      33%        3d25      1%          5
 Iskenderun's Battlesphe  Conj           75%        2d12      1%          5
 Animate Skeleton         Necr           42%        N/A       3%          1
 Pain                     Necr           84%        1d8       3%          1
 Corpse Rot               Necr/Air       42%        N/A       4%          2
 Sublimation of Blood     Necr           21%        N/A       4%          2
 Borgnjor's Vile Clutch   Necr/Erth      28%        N/A       4%          5
 Ice Form                 Ice/Tmut       42%        N/A       6%          4
 Swiftness                Air            21%        N/A       10%         3
 Vampiric Draining        Necr           21%        2d7       10%         3
 Orb of Destruction       Conj           37%        9d13      10%         7
 Freezing Cloud           Conj/Ice/Air   22%        6-21      14%         5
 Alistair's Intoxication  Tmut/Pois      28%        N/A       17%         5
 Yara's Violent Unravell  Hex/Tmut       21%        3d10      17%         5
 Conjure Ball Lightning   Conj/Air       27%        3x3d8     28%         6
 Animate Dead             Necr           10%        N/A       32%         4
 Lehudib's Crystal Spear  Conj/Erth      38%        10d10     50%         8
 Metabolic Englaciation   Hex/Ice        10%        N/A       65%         5
 Eringya's Noxious Bog    Tmut/Pois      21%        N/A       67%         6
 Spellforged Servitor     Conj/Summ      27%        N/A       85%         7
 Fire Storm               Conj/Fire      42%        8d11      94%         9
 Death Channel            Necr           10%        N/A       99%         6
 Simulacrum               Ice/Necr       10%        N/A       99%         6
 Summon Cactus Giant      Summ           10%        N/A       99%         6
 Storm Form               Tmut/Air       21%        N/A       99%         7
 Haunt                    Necr/Summ      10%        N/A       100%        7
 Summon Hydra             Summ           10%        N/A       100%        7
 Chain Lightning          Conj/Air       27%        3d36      100%        9


Dungeon Overview and Level Annotations

Branches:
Dungeon (1/1)

Altars:
Ashenzari
Cheibriados
Dithmenos
Elyvilon
Fedhas
Gozag
Hepliaklqana
Kikubaaqudgha
Makhleb
Nemelex Xobeh
Okawaru
Qazlal
Ru
Sif Muna
Trog
Uskayaw
Vehumet
Wu Jian
Xom
Yredelemnul
Zin
The Shining One
Beogh
Jiyva
Lugonu


Message History

Casting: Iron Shot (dangerous; 1% risk of failure)
Confirm with . or Enter, or press ? or * to list all spells.
Aiming: Iron Shot (dangerous; 1% risk of failure)
Press: ? - help, Shift-Dir - straight line, f/p - deep elf blademaster
Aim: a deep elf blademaster, wielding two +0 rapiers and wearing a +0 leather armour (heavily wounded, 35% to hit)
You miscast Iron Shot.
You are very lightly contaminated with residual magic.
Nothing appears to happen.
The deep elf blademaster hits you with a +0 rapier!!
The deep elf blademaster hits you with a +0 rapier.
A yaktaur captain comes into view.
The deep elf blademaster hits you with a +0 rapier.
The deep elf blademaster hits you with a +0 rapier!!
Unknown command.
Casting: Iron Shot (dangerous; 1% risk of failure)
Confirm with . or Enter, or press ? or * to list all spells.
The spell is quite dangerous to miscast (3% risk of failure)!
Continue anyway?
Casting: Ignition (quite dangerous; 3% risk of failure)
Press: ? - help, Dir - look around, f - activate The air bursts into flame!
The fireball engulfs the yaktaur captain!!
The yaktaur captain is moderately wounded.
The yaktaur captain shouts!
The fireball engulfs the deep elf blademaster!!
The deep elf blademaster is almost dead.
The fireball engulfs the deep elf knight!
The deep elf knight is almost dead.
The deep elf blademaster hits you with a +0 rapier!
* * * LOW HITPOINT WARNING * * *
The deep elf blademaster barely misses you.
You feel much better.
The deep elf blademaster hits you but does no damage.
The deep elf blademaster hits you with a +0 rapier!
A yaktaur comes into view.
The deep elf knight hits you with a +0 scimitar!
* * * LOW HITPOINT WARNING * * *
The deep elf blademaster hits you with a +0 rapier.
* * * LOW HITPOINT WARNING * * *
The deep elf blademaster hits you with a +0 rapier!
You die...

''###############################
.....)...........................
..))..........))......)..........
..##############)'##############.
..# #........# #. ..# #...)....#
#. ..# ####..#### #.. #. ).#
...#........#..... #. ).#
c)c...e@.......... #. ..#
...#..e.....#..... #. ..# ##
####..#### ##+# #. ..# #### #.
..# #. ### #+ ##############
.[...'...'[..# [)[..##.##}![#


You could see a deep elf blademaster, a yaktaur captain, a deep elf knight
(fast) and a yaktaur (wandering).

Vanquished Creatures
  Gastronok (D)
  2 orc warlords (D)
  Josephine (D)
  Erica (D)
  An alligator snapping turtle (D)
  A death knight (D)
  2 two-headed ogres (D)
  A death yak (D)
  A spriggan (D)
  An iron troll (D)
  A sixfirhy (D)
  2 deep trolls (D)
  A swamp dragon (D)
  12 orc knights (D)
  A deep elf pyromancer (D)
  A deep elf zephyrmancer (D)
  An orc sorcerer (D)
  2 manticores (D)
  A merfolk siren (D)
  A kobold demonologist (D)
  An efreet (D)
  A yaktaur (D)
  A freezing wraith (D)
  A hellwing (D)
  An ice devil (D)
  A troll (D)
  A guardian mummy (D)
  A tyrant leech (D)
  A blink frog (D)
  A polar bear (D)
  2 hornets (D)
  7 dream sheep (D)
  Sigmund (D)
  An air elemental (D)
  A flying skull (D)
  A ynoxinul (D)
  A vampire (D)
  A wyvern (D)
  2 water elementals (D)
  3 wraiths (D)
  2 steam dragons (D)
  Menkaure (D)
  2 wargs (D)
  A floating eye (D)
  3 hell hounds (D)
  2 swamp drakes (D)
  3 orc warriors (D)
  A black bear (D)
  2 sky beasts (D)
  An ogre (D)
  A centaur (D)
  An earth elemental (D)
  A bullfrog (D)
  A gnoll sergeant (D)
  A scorpion (D)
  5 killer bees (D)
  A crimson imp (D)
  2 orc priests (D)
  2 jellies (D)
  An iron imp (D)
  An iguana (D)
  An orc wizard (D)
  A hell rat (D)
  2 gnolls (D)
  An ufetubus (D)
  10 orcs (D)
  A bat (D)
  A bat skeleton (D)
  An endoplasm (D)
  A hobgoblin (D)
  2 frilled lizards (D)
  A kobold (D)
  A quokka zombie (D)
  A rat (D)
124 creatures vanquished.

Notes
Turn   | Place    | Note
-------+----------+-------------------------------------------
     0 | D        | rocky1 the Deep Elf Earth Elementalist began the quest for
                  | the Orb.
     0 | D        | Reached XP level 1. HP: 10/10 MP: 6/6
    45 | D        | Found a bloodstained altar of Trog.
    45 | D        | Found a shimmering blue altar of Sif Muna.
    45 | D        | Found a viscous altar of Jiyva.
    45 | D        | Found a hazy altar of Hepliaklqana.
    45 | D        | Found an opulent altar of Gozag.
    46 | D        | Found a glowing golden altar of the Shining One.
    46 | D        | Found a glowing silver altar of Zin.
    46 | D        | Found a basalt altar of Yredelemnul.
    46 | D        | Found a shimmering altar of Xom.
    46 | D        | Found an ornate altar of the Wu Jian Council.
    46 | D        | Found a sacrificial altar of Ru.
    46 | D        | Found a stormy altar of Qazlal.
    46 | D        | Found an iron altar of Okawaru.
    46 | D        | Found a sparkling altar of Nemelex Xobeh.
    46 | D        | Found a burning altar of Makhleb.
    46 | D        | Found a blossoming altar of Fedhas.
    46 | D        | Found a white marble altar of Elyvilon.
    46 | D        | Found a shadowy altar of Dithmenos.
    46 | D        | Found a snail-covered altar of Cheibriados.
    49 | D        | Found a corrupted altar of Lugonu.
    49 | D        | Found a radiant altar of Vehumet.
    50 | D        | Found an ancient bone altar of Kikubaaqudgha.
    50 | D        | Found a hide-covered altar of Uskayaw.
    50 | D        | Found a broken altar of Ashenzari.
    53 | D        | Became a worshipper of Sif Muna the Loreminder
    66 | D        | Noticed a floating eye
    70 | D        | Killed a floating eye
    71 | D        | Reached skill level 10 in Earth Magic
    71 | D        | Reached XP level 2. HP: 15/15 MP: 8/8
    71 | D        | Reached XP level 3. HP: 19/19 MP: 9/9
    71 | D        | Reached XP level 4. HP: 24/24 MP: 10/10
   179 | D        | Learned a level 3 spell: Stone Arrow
   184 | D        | Learned a level 4 spell: Petrify
   186 | D        | Reached * piety under Sif Muna
   227 | D        | Reached ** piety under Sif Muna
   236 | D        | Reached skill level 1 in Conjurations
   236 | D        | Reached skill level 1 in Invocations
   236 | D        | Reached XP level 5. HP: 28/28 MP: 9/12
   289 | D        | Noticed Menkaure
   293 | D        | Noticed a sky beast
   294 | D        | Reached *** piety under Sif Muna
   295 | D        | Reached skill level 5 in Spellcasting
   295 | D        | Killed Menkaure
   296 | D        | Reached XP level 6. HP: 29/32 MP: 1/17
   297 | D        | Killed a sky beast
   298 | D        | Reached skill level 5 in Conjurations
   298 | D        | Reached skill level 5 in Transmutations
   298 | D        | Reached skill level 5 in Invocations
   301 | D        | Reached **** piety under Sif Muna
   304 | D        | Noticed a sky beast
   306 | D        | Killed a sky beast
   307 | D        | Reached XP level 7. HP: 20/36 MP: 5/20
   464 | D        | Noticed a blink frog
   467 | D        | Killed a blink frog
   467 | D        | Reached ***** piety under Sif Muna
   657 | D        | Noticed Sigmund
   658 | D        | Received a gift from Sif Muna
   665 | D        | Killed Sigmund
   666 | D        | Reached XP level 8. HP: 31/41 MP: 5/23
   672 | D        | Got Sif Muna's Guide on Battle Magic {god gift}
   771 | D        | Learned a level 6 spell: Iron Shot
   871 | D        | Noticed Josephine
   882 | D        | HP: 2/41 [Josephine/vampiric draining (18)]
   885 | D        | Killed Josephine
   888 | D        | Reached XP level 9. HP: 13/45 MP: 15/26
   893 | D        | Received a gift from Sif Muna
   894 | D        | Reached skill level 1 in Fighting
   896 | D        | Got Sif Muna's Almanac of Necromancy and Shape Shifting
                  | {god gift}
  1126 | D        | Got the +4 quarterstaff of the Purse {vorpal, rPois rF+}
  1219 | D        | Noticed an efreet
  1219 | D        | Noticed a troll
  1238 | D        | Killed an efreet
  1241 | D        | Killed a troll
  1242 | D        | Reached skill level 10 in Conjurations
  1242 | D        | Reached skill level 10 in Invocations
  1417 | D        | Noticed a polar bear
  1417 | D        | Noticed a hellwing
  1437 | D        | Killed a polar bear
  1444 | D        | Killed a hellwing
  1445 | D        | Reached skill level 1 in Armour
  1641 | D        | Noticed Erica
  1649 | D        | Received a gift from Sif Muna
  1653 | D        | Killed Erica
  1654 | D        | Reached XP level 10. HP: 31/56 MP: 12/29
  1736 | D        | Noticed an orc sorcerer
  1738 | D        | Noticed a rust devil
  1738 | D        | Killed an orc sorcerer
  1739 | D        | Reached skill level 5 in Dodging
  1742 | D        | Reached skill level 15 in Earth Magic
  1912 | D        | Noticed a deep elf zephyrmancer
  1923 | D        | Killed a deep elf zephyrmancer
  1923 | D        | Received a gift from Sif Muna
  1924 | D        | Got Orybres's Guide on Twisted Envenoming {god gift}
  1990 | D        | Noticed a manticore
  1998 | D        | Noticed a deep troll
  2000 | D        | Killed a deep troll
  2001 | D        | Reached skill level 5 in Fighting
  2004 | D        | Killed a manticore
  2142 | D        | Noticed a death yak
  2146 | D        | Killed a death yak
  2146 | D        | Received a gift from Sif Muna
  2244 | D        | Learned a level 6 spell: Starburst
  2244 | D        | Noticed an orc knight
  2245 | D        | Noticed an iron troll
  2248 | D        | Reached skill level 5 in Armour
  2256 | D        | Killed an iron troll
  2256 | D        | Received a gift from Sif Muna
  2257 | D        | Reached XP level 11. HP: 39/64 MP: 6/31
  2262 | D        | Killed an orc knight
  2263 | D        | Reached skill level 15 in Spellcasting
  2264 | D        | Got Sif Muna's Grimoire of Shifting Flames {god gift}
  2491 | D        | Received a gift from Sif Muna
  2491 | D        | Noticed a two-headed ogre
  2492 | D        | Reached skill level 3 in Fire Magic
  2494 | D        | Paralysed by an air elemental for 1 turns
  2498 | D        | Reached skill level 10 in Dodging
  2498 | D        | Reached skill level 5 in Fire Magic
  2505 | D        | Killed a two-headed ogre
  2506 | D        | Reached skill level 6 in Fire Magic
  2647 | D        | Got Xiliaf's Catalogue of Supportive Combat Magic {god
                  | gift}
  2810 | D        | Noticed Gastronok
  2811 | D        | Noticed a deep troll
  2820 | D        | Killed a deep troll
  2820 | D        | Received a gift from Sif Muna
  2821 | D        | Reached skill level 7 in Fire Magic
  2821 | D        | Got Sif Muna's Handbook of Attacks {god gift}
  2833 | D        | Killed Gastronok
  2834 | D        | Reached skill level 9 in Fire Magic
  2971 | D        | Noticed a two-headed ogre
  2974 | D        | Killed a two-headed ogre
  2975 | D        | Reached skill level 10 in Fire Magic
  2977 | D        | Reached skill level 11 in Fire Magic
  3071 | D        | Noticed an orc knight
  3080 | D        | Killed an orc knight
  3081 | D        | Reached skill level 12 in Fire Magic
  3082 | D        | Received a gift from Sif Muna
  3083 | D        | Got Sif Muna's Papyrus of Battle Magic {god gift}
  3101 | D        | Learned a level 8 spell: Ignition
  3146 | D        | Noticed a swamp dragon
  3150 | D        | Killed a swamp dragon
  3153 | D        | Reached skill level 13 in Fire Magic
  3153 | D        | Reached XP level 12. HP: 64/70 MP: 9/34
  3423 | D        | Received a gift from Sif Muna
  3425 | D        | Reached ****** piety under Sif Muna
  3428 | D        | Reached skill level 14 in Fire Magic
  3712 | D        | Noticed a death knight
  3712 | D        | Noticed an alligator snapping turtle
  3713 | D        | Received a gift from Sif Muna
  3714 | D        | Reached skill level 15 in Fire Magic
  3714 | D        | Killed a death knight
  3715 | D        | Reached skill level 16 in Fire Magic
  3717 | D        | Killed an alligator snapping turtle
  3731 | D        | Learned a level 6 spell: Statue Form
  3733 | D        | Got the amulet "Dower" {Fly Regen+ Str+3 Dex+3}
  3942 | D        | Noticed a great orb of eyes
  3981 | D        | Noticed an orc warlord
  3982 | D        | Noticed an orc warlord
  4020 | D        | Received a gift from Sif Muna
  4021 | D        | Reached skill level 17 in Fire Magic
  4024 | D        | HP: 3/70 [orc knight (31)]
  4031 | D        | Got Sif Muna's Almanac of Destructive Weightlessness {god
                  | gift}
  4162 | D        | Reached skill level 18 in Fire Magic
  4370 | D        | Killed an orc warlord
  4371 | D        | Reached skill level 19 in Fire Magic
  4522 | D        | Killed an orc warlord
  4523 | D        | Reached skill level 20 in Fire Magic
  4524 | D        | Received a gift from Sif Muna
  4680 | D        | Reached skill level 21 in Fire Magic
  4750 | D        | Noticed a naga warrior
  4813 | D        | Noticed a deep elf blademaster
  4817 | D        | Noticed a yaktaur captain
  4819 | D        | Slain by a deep elf blademaster

Illustrated notes

Levels and vault maps discovered:
D:        pitsprint [storerooms_1, entrance_room_1, metal_vault_2, armoury_2,
          mini_pit_1, grid_room_1, main_hall_1, silver_pit, the_coven_1,
          the_vestibule_1, steel_vault_1, golden_pit, hallway_of_sentries,
          crystal_vault_3, iron_vault_4, final_vault]

Skill      XL: |  1  2  3  4  5  6  7  8  9 10 11 12 |
---------------+-------------------------------------+-----
Earth Magic    | 10 11 12 13 14 15 | 15.0
Conjurations   | 1 4 5 7 9 10 12 13 | 13.7
Transmutations | 2 4 5 7 8 |  8.0
Invocations    | 1 4 5 7 9 10 12 | 12.0
Spellcasting   | 6 7 9 11 13 14 16 | 16.5
Fighting       | 4 6 |  6.0
Armour         | 2 5 6 |  6.0
Dodging        | 4 8 10 | 10.0
Fire Magic     | 13 21 | 21.2
Stealth        | |  2.4

Action                   |  1- 3 |  4- 6 |  7- 9 | 10-12 || total
-------------------------+-------+-------+-------+-------++-------
Melee: Quarterstaff      |     3 |     8 |     1 |     2 ||    14
 Cast: Sandblast         |     1 |     8 |    11 |    12 ||    32
       Stone Arrow       |       |     8 |    51 |    33 ||    92
       Iron Shot         |       |       |       |    74 ||    74
       Ignition          |       |       |       |     6 ||     6
       Lehudib's Crystal |       |       |       |     1 ||     1
       Fire Storm        |       |       |       |     2 ||     2
       Statue Form       |       |       |       |     1 ||     1
Invok: Channel Magic     |       |     1 |     1 |     6 ||     8
       Divine Exegesis   |       |       |       |     7 ||     7
  Use: Potion            |       |       |     4 |     6 ||    10
       Scroll            |       |       |     1 |     2 ||     3
 Stab: Sleeping          |     1 |       |       |       ||     1
Armor: Troll leather arm |       |       |     5 |     7 ||    12
       Skin              |       |       |       |     2 ||     2
Dodge: Dodged            |       |     6 |    25 |    36 ||    67

Table legend: (Time is in decaauts)
 A = Elapsed time spent in this place.
 B = Non-inter-level travel time spent in this place.
 C = Inter-level travel time spent in this place.
 D = Time resting spent in this place.
 E = Time spent auto-exploring this place.
 F = Levels seen in this place.
 G = Mean time per level.
                   A        B        C        D        E       F      G
               +--------+--------+--------+--------+--------+-----+--------+
         Total |   4869 |   4801 |     68 |   3405 |      0 |   1 | 4869.0 |
       Dungeon |   4869 |   4801 |     68 |   3405 |      0 |   1 | 4869.0 |
               +--------+--------+--------+--------+--------+-----+--------+

Top non-repeatable levels by time:
       D: 4869 daAuts
